 Dungeon Crawl Stone Soup version 0.28.0-45-g0d030f2227 (webtiles) character file.

Game seed: 15440607136259820454

44 Descartes the Shield-Bearer (level 3, 0/23 HPs)
             Began as an Octopode Wanderer on Apr 13, 2022.
             Succumbed to a scorpion's poison
             ... on level 2 of the Dungeon.
             The game lasted 00:03:28 (1783 turns).

Descartes the Shield-Bearer (Octopode Wanderer)     Turns: 1783, Time: 00:03:29

Health: 0/23       AC:  1    Str: 10    XL:     3   Next: 62%
Magic:  1/5        EV: 12    Int: 15    God:
Gold:   79         SH:  6    Dex: 13    Spells: 3/4 levels left

rFire   . . .      SeeInvis .   a - +0 dagger
rCold   . . .      Faith    .   c - +2 buckler
rNeg    . . .      Spirit   .   (helmet restricted)
rPois   .          Reflect  .   (no amulet)
rElec   .          Harm     .   (no ring)
rCorr   .          Rampage  .   (no ring)
Will    .....                   (no ring)
Stlth   +++.......              (no ring)
HPRegen 0.07/turn               (no ring)
MPRegen 0.09/turn               (no ring)
                                (no ring)
                                (no ring)

@: lethally poisoned (0 -> -1), attractive
A: almost no armour, amphibious, 8 rings, camouflage 1, gelatinous body 1,
(nimble swimmer 1), tentacles
a: no special abilities


You were on level 2 of the Dungeon.
You visited 1 branch of the dungeon, and saw 2 of its levels.

You collected 79 gold pieces.

Inventory:

Hand Weapons
 a - a +0 dagger (weapon)
Missiles
 b - 11 poisoned darts (quivered)
 k - 35 stones
Armour
 c - a +2 buckler (worn)
Jewellery
 f - a ring of fire
 n - a ring of see invisible
Scrolls
 d - 4 scrolls of identify {unknown}
 g - a scroll of immolation {unknown}
 j - a scroll of vulnerability {unknown}
 l - a scroll of teleportation {unknown}
 m - a scroll of noise {unknown}


   Skills:
 - Level 1.0 Fighting
 - Level 3.0 Throwing
 + Level 1.2 Dodging
 + Level 1.5 Stealth
 + Level 3.3 Shields
 + Level 1.4 Spellcasting
 + Level 1.0 Conjurations
 + Level 2.3 Fire Magic


You had 3 spell levels left.
You knew the following spells:

 Your Spells              Type           Power      Damage    Failure   Level
a - Foxfire               Conj/Fire      24%        2x1d5     16%         1

Your spell library contained the following spells:

 Spells                   Type           Power      Damage    Failure   Level
 Corpse Rot               Necr/Air       2%         N/A       43%         2
 Poisonous Vapours        Pois/Air       2%         N/A       43%         2
 Inner Flame              Hex/Fire       4%         N/A       50%         3


Dungeon Overview and Level Annotations

Branches:
Dungeon (2/15)

Altars:


Innate Abilities, Weirdness & Mutations

You cannot wear most types of armour.
You are amphibious.
You can wear up to eight rings at the same time.
Your skin changes colour to match your surroundings (Stealth+).
Your rubbery body absorbs attacks. (AC +1, EV +1)
((You are camouflaged when in or above water. (Stealth+)))
You have tentacles for arms and can constrict up to eight enemies at once.


Message History

You feel sick.
The foxfire hits the scorpion.
The scorpion is moderately wounded.
The foxfire hits the scorpion.
The scorpion is moderately wounded.
The scorpion closely misses you.
It was a potion of curing.
You feel better.
The scorpion stings you but does no damage.
Casting: Foxfire (safe; 16% risk of failure)
Confirm with . or Enter, or press ? or * to list all spells.
You don't have enough magic to cast this spell.
Unknown command.
Casting: Foxfire (safe; 16% risk of failure)
Confirm with . or Enter, or press ? or * to list all spells.
You don't have enough magic to cast this spell.
The scorpion stings you.
You are poisoned.
The scorpion poisons you!
You feel sick.
You feel sick.
It was a potion of heal wounds.
You feel much better.
You feel sick. The scorpion stings you.
You are more poisoned.
The scorpion poisons you!
Casting: Foxfire (safe; 16% risk of failure)
Confirm with . or Enter, or press ? or * to list all spells.
You don't have enough magic to cast this spell.
You feel very sick. The scorpion stings you.
You feel sick.
Your magical contamination has completely faded away.
You feel sick.
You feel sick.
You feel sick.
You feel sick. The scorpion stings you.
* * * LOW HITPOINT WARNING * * *
* * * LOW HITPOINT WARNING * * *
You feel sick.
* * * LOW HITPOINT WARNING * * *
You feel sick.
You die...

##.#####..##....### #...# #
#................# #...# #
#..........#.#...######...####
#.............................
#..........#..................
#..........##.##..............
#............s...######...####
#.......#####.#### #...# #
######.... #@# #...# #.#
#.##.# #...# # #....#######
#...# #.##.......# #...# ..
#.<####.# #...# ...
#..####.####.## ##
#..#.......>.# #..#.##..#####
#.†......#########


You could see a scorpion.

Vanquished Creatures
  An adder (D:2)
  2 worms (D:2)
  A dart slug (D:2)
  5 ball pythons
  2 bats (D:1)
  4 endoplasms
  2 giant cockroaches (D:2)
  A goblin (D:1)
  2 hobgoblins
  A kobold (D:2)
  2 frilled lizards
  3 rats
26 creatures vanquished.

Vanquished Creatures (others)
  92 foxfires
92 creatures vanquished.

Grand Total: 118 creatures vanquished

Notes
Turn   | Place    | Note
-------+----------+-------------------------------------------
     0 | D:1      | Descartes the Octopode Wanderer began the quest for the
                  | Orb.
     0 | D:1      | Descartes set off with the following items: a +0 dagger, 11
                  | poisoned darts, a +2 buckler; and the following spell
                  | memorised: Foxfire; and the following spells available to
                  | memorise: Inner Flame
     0 | D:1      | Reached XP level 1. HP: 13/13 MP: 2/2
   343 | D:1      | Reached XP level 2. HP: 18/18 MP: 1/3
   872 | D:2      | Reached skill level 1 in Stealth
  1123 | D:2      | Reached skill level 1 in Dodging
  1123 | D:2      | Reached XP level 3. HP: 23/23 MP: 0/4
  1653 | D:2      | Reached skill level 1 in Conjurations
  1755 | D:2      | Noticed a scorpion
  1782 | D:2      | HP: 1/23 [poisoned by a scorpion]
  1783 | D:2      | Succumbed to a scorpion's poison

Illustrated notes

Levels and vault maps discovered:
D:1:      minmay_arrival_plants_in_alcoves, layout_loops_ring
D:2:      layout_loops_cross, grunt_decor_mini_mirrors

Skill      XL: |  1  2  3 |
---------------+----------+-----
Stealth        | 1 |  1.5
Dodging        | 1 |  1.2
Conjurations   | 1 |  1.0
Fighting       | |  1.0
Throwing       | |  3.0
Shields        | |  3.3
Spellcasting   | |  1.4
Fire Magic     | |  2.3

Action                   || total
-------------------------++-------
Melee: Dagger            ||    15
       Constrict         ||     5
       Tentacles         ||     3
 Cast: Foxfire           ||    53
  Use: Potion            ||     3
Armor: Skin              ||     4
Dodge: Dodged            ||    14
Block: Buckler           ||    10
